 Dungeon Crawl Stone Soup version 0.30-a0-1124-g6e8f0f562f (webtiles) character file.

Game seed: 5891260083400949619

596 CryoSword the Conjurer (level 7, 12/50 HPs)
             Began as a Purple Draconian Conjurer on Apr 23, 2023.
             Quit the game in an ossuary.
             The game lasted 00:06:20 (3189 turns).

CryoSword the Conjurer (Purple Draconian Conjurer)  Turns: 3189, Time: 00:06:21

Health: 12/50      AC:  7    Str: 10    XL:     7   Next: 17%
Magic:  3/14       EV: 12    Int: 20    God:
Gold:   41         SH:  0    Dex:  9    Spells: 13/16 levels left

rFire   . . .        v - +0 rapier
rCold   . . .        (no shield)
rNeg    . . .        (body armour unavailable)
rPois   .            (helmet restricted)
rElec   .            g - scarf {repulsion}
rCorr   .            p - +0 pair of gloves
SInv    .            (no boots)
Will    +....        (no amulet)
Stlth   ++           (no ring)
HPRegen 0.28/turn    (no ring)
MPRegen 0.14/turn

%: repel missiles
@: no status effects
A: breathe power, AC +6, unfitting armour, cold-blooded
a: Breathe Dispelling Energy


You were in an ossuary.
You visited 1 branch of the dungeon, and saw 4 of its levels.
You also visited: Ossuary.

You collected 657 gold pieces.
You spent 616 gold pieces at shops.

Inventory:

Hand Weapons
 v - a +0 rapier (weapon)
   (You found it on level 3 of the Dungeon)
Missiles
 c - 3 boomerangs (quivered)
Armour
 g - a scarf of repulsion (worn)
   (You found it on level 2 of the Dungeon)
 p - a +0 pair of gloves (worn)
   (You found it on level 3 of the Dungeon)
Wands
 t - a wand of charming (3)
   (You found it on level 3 of the Dungeon)
Scrolls
 b - a scroll of blinking {unknown}
 d - 4 scrolls of teleportation {@r4}
 k - 3 scrolls of fear
 q - 4 scrolls of poison {!r}
 r - a scroll of amnesia
 s - a scroll of torment {unknown}
 w - 2 scrolls of enchant armour {unknown}
 x - 2 scrolls of magic mapping
Potions
 a - a potion of magic
 h - a potion of berserk rage
 i - 4 potions of haste {@q3}
 j - 3 potions of attraction {!q}
 l - 2 potions of lignification {!q}
 m - 7 potions of curing {@q1}
 n - 3 potions of might
 o - a potion of cancellation
 u - 3 potions of brilliance


   Skills:
 - Level 1.7 Dodging
 - Level 1.7 Stealth
 + Level 5.0 Spellcasting
 * Level 7.7 Conjurations


You had 13 spell levels left.
You knew the following spells:

 Your Spells              Type           Power      Damage    Failure   Level
a - Magic Dart            Conj           100%       1d8       1%          1
b - Searing Ray           Conj           72%        2d7       1%          2

Your spell library contained the following spells:

 Spells                   Type           Power      Damage    Failure   Level
 Dazzling Flash           Conj/Hex       40%        N/A       7%          3
 Fulminant Prism          Conj/Hex       10%        3d8       24%         4
 Iskenderun's Mystic Bla  Conj/Tloc      20%        2d6       24%         4
 Volatile Blastmotes      Fire/Tloc      10%        2d10      34%         3
 Lee's Rapid Deconstruct  Erth           2%         3d5*      97%         5
 Starburst                Conj/Fire      10%        6d5       98%         6


Dungeon Overview and Level Annotations

Branches:
Dungeon (3/15)            Ossuary (1/1)

Altars:

Shops:
D:1 !   D:2 ?

Annotations:
D:2 1 runed translucent door, Crazy Yiuf
D:3 1 runed translucent door, Thjof's ghost, amateur TeVM


Innate Abilities, Weirdness & Mutations

You can breathe bolts of dispelling energy.
Your rich purple scales are hard. (AC +6)
You cannot fit into any form of body armour.
You are cold-blooded and may be slowed by cold attacks.


Message History

You feel a surge of power!
The magic dart hits the centaur zombie.
Aim: a centaur zombie (lightly damaged, 100% to hit)
You feel a surge of power!
The magic dart hits the centaur zombie!
A human zombie comes into view.
The centaur zombie attacks as you move away!
The centaur zombie hits you but does no damage.
The centaur zombie barely misses you. The centaur zombie hits you.
The centaur zombie closely misses you.
Aim: a centaur zombie (moderately damaged, 100% to hit)
You feel a surge of power!
The searing ray hits the centaur zombie. (Press . to maintain the ray.)
The centaur zombie misses you.
The centaur zombie kicks you but does no damage.
The searing ray hits the centaur zombie!
The searing ray hits the elf zombie.
The searing ray hits the human zombie.
The centaur zombie completely misses you.
The centaur zombie misses you.
The searing ray hits the centaur zombie!
The searing ray hits the elf zombie!
The searing ray hits the human zombie!
The centaur zombie hits you but does no damage.
The centaur zombie barely misses you. x2
The centaur zombie closely misses you.
The searing ray hits the centaur zombie!
You destroy the centaur zombie!
The searing ray hits the elf zombie.
The searing ray hits the human zombie!
You finish channelling your searing ray.
Aim: an elf zombie (moderately damaged, 83% to hit)
You feel a surge of power!
The searing ray hits the elf zombie.
The searing ray hits the human zombie! (Press . to maintain the ray.)
The searing ray misses the elf zombie.
The searing ray hits the human zombie!
The elf zombie hits you.
The searing ray hits the elf zombie!
The searing ray hits the human zombie!
You destroy the human zombie!
The elf zombie misses you.
The searing ray misses the elf zombie.
You finish channelling your searing ray.
The elf zombie barely misses you.
Aim: an elf zombie (heavily damaged, 83% to hit)
You feel a surge of power!
The searing ray hits the elf zombie! (Press . to maintain the ray.)
The elf zombie hits you but does no damage.
You barely miss the elf zombie.
Your tail-slap misses the elf zombie.
The elf zombie hits you.
Unknown command.
Aim: an elf zombie (severely damaged, 100% to hit)
You feel a surge of power!
The magic dart hits the elf zombie.
The elf zombie hits you.
You barely miss the elf zombie.
The elf zombie hits you but does no damage.
You hit the elf zombie but do no damage.
Your tail-slap misses the elf zombie.
The elf zombie closely misses you.
Aim: an elf zombie (almost destroyed, 100% to hit)
You feel a surge of power!
The magic dart hits the elf zombie.
The elf zombie hits you.
You barely miss the elf zombie. You punch the elf zombie.
The elf zombie hits you.
You barely miss the elf zombie. The elf zombie hits you.
You closely miss the elf zombie.
The elf zombie hits you but does no damage.
You hit the elf zombie but do no damage.
The elf zombie barely misses you.
You barely miss the elf zombie.
The elf zombie hits you but does no damage.
You completely miss the elf zombie. You tail-slap the elf zombie.
The elf zombie completely misses you.
Aim: an elf zombie (almost destroyed, 100% to hit)
You feel a surge of power!
The magic dart hits the elf zombie!
You destroy the elf zombie!
You have reached level 7!
Your scales start taking on a rich purple colour.
You learn Spellcasting much quicker.
Your Spellcasting skill increases to level 4!
You learn Hexes much quicker.
You learn Evocations quicker.
You can breathe bolts of dispelling energy.
There is an open door here.
An elf zombie comes into view.
The elf zombie hits you.
There is an open door here.
Aim: an elf zombie (100% to hit)
You feel a surge of power!
The magic dart hits the elf zombie.
You hit the elf zombie. The elf zombie hits you.
Aim: an elf zombie (lightly damaged, 53% to hit)
You breathe a bolt of dispelling energy.
The bolt of dispelling energy hits the elf zombie!
The bolt of dispelling energy hits the mummy!
The elf zombie hits you but does no damage.
You barely miss the elf zombie. You tail-slap the elf zombie.
The elf zombie barely misses you.
You closely miss the elf zombie. You hit the mummy. You hit the mummy.
You feel a little less clever now.
You barely miss the mummy.
Your tail-slap misses the mummy.
The mummy barely misses you.
You hit the mummy.
You destroy the mummy!
You closely miss the elf zombie. The elf zombie closely misses you.
You hit the elf zombie. The elf zombie barely misses you.
You hit the elf zombie.
The elf zombie hits you but does no damage.
You closely miss the elf zombie. The elf zombie hits you.
You hit the elf zombie. The elf zombie hits you.
You barely miss the elf zombie. The elf zombie hits you.
You closely miss the elf zombie. The elf zombie barely misses you.
Aim: an elf zombie (moderately damaged, 81% to hit)
The searing ray hits the elf zombie! (Press . to maintain the ray.)
You hit the elf zombie. The elf zombie closely misses you.
You hit the elf zombie.
The elf zombie hits you but does no damage.
You closely miss the elf zombie.
You tail-slap the elf zombie, but do no damage.
The elf zombie hits you.
You hit the elf zombie.
You have got your breath back.
The elf zombie barely misses you.
You hit the elf zombie. You tail-slap the elf zombie. The elf zombie hits you.
* * * LOW HITPOINT WARNING * * *
You barely miss the elf zombie. You tail-slap the elf zombie.
The elf zombie hits you.
* * * LOW HITPOINT WARNING * * *
You barely miss the elf zombie. You tail-slap the elf zombie.
The elf zombie hits you.
* * * LOW HITPOINT WARNING * * *
You hit the elf zombie.
You tail-slap the elf zombie, but do no damage.
The elf zombie hits you.
* * * LOW HITPOINT WARNING * * *
You hit the elf zombie. The elf zombie hits you.
* * * LOW HITPOINT WARNING * * *
You closely miss the elf zombie.
You tail-slap the elf zombie, but do no damage.
The elf zombie hits you.
* * * LOW HITPOINT WARNING * * *
You barely miss the elf zombie. You tail-slap the elf zombie.
The elf zombie hits you but does no damage.
You closely miss the elf zombie. The elf zombie hits you.
* * * LOW HITPOINT WARNING * * *
You hit the elf zombie.
Your tail-slap misses the elf zombie.
The elf zombie barely misses you.
You barely miss the elf zombie. You tail-slap the elf zombie.
You destroy the elf zombie!
Your Spellcasting skill increases to level 5!
There is an open door here.
Saving game... please wait.
Welcome back, CryoSword the Purple Draconian Conjurer.
Okay, then.
Unknown command.

##...## ##.....##
#.....# #.......#
##.....###...∩...##
#.......'...∩∩∩...+
##.....###...∩...##
#.....# #.......#
##...## ##.....##
##### ###.### #@#
###.### #.....#
#.......# #.......#
#.......# ##.....##
###.### ###


There were no monsters in sight!

Vanquished Creatures
  Sigmund (D:2)
  3 elf zombies (Ossuary)
  2 centaur zombies (Ossuary)
  2 human zombies (Ossuary)
  2 mummies (Ossuary)
  4 adders
  2 dart slugs
  3 endoplasms
  5 giant cockroaches
  A goblin (D:3)
  A hobgoblin (D:3)
  5 kobolds
  2 quokkas (D:2)
  5 ball pythons
  2 bats
  6 frilled lizards
  A rat (D:1)
47 creatures vanquished.

Vanquished Creatures (collateral kills)
  A human zombie (Ossuary)
1 creature vanquished.

Vanquished Creatures (others)
  4 toadstools (D:1)
4 creatures vanquished.

Grand Total: 52 creatures vanquished

Notes
Turn   | Place    | Note
-------+----------+-------------------------------------------
     0 | D:1      | CryoSword the Draconian Conjurer began the quest for the
                  | Orb.
     0 | D:1      | Reached XP level 1. HP: 14/14 MP: 3/3
    12 | D:1      | Found Xaceyrr's Distillery.
   328 | D:1      | Reached XP level 2. HP: 15/20 MP: 0/5
   411 | D:1      | Learned a level 2 spell: Searing Ray
   989 | D:2      | Reached skill level 5 in Conjurations
   989 | D:2      | Reached XP level 3. HP: 26/26 MP: 2/6
  1372 | D:2      | Found Muxzef's Magic Scroll Boutique.
  1463 | D:2      | Bought a scroll of identify for 22 gold pieces
  1463 | D:2      | Bought a scroll of fear for 44 gold pieces
  1463 | D:2      | Bought a scroll of teleportation for 33 gold pieces
  1485 | D:2      | Identified a scroll of acquirement
  1486 | D:2      | Acquired 494 gold pieces
  1499 | D:2      | Noticed Sigmund
  1532 | D:1      | Bought a potion of heal wounds for 55 gold pieces
  1532 | D:1      | Bought a potion of attraction for 33 gold pieces
  1532 | D:1      | Bought a potion of lignification for 33 gold pieces
  1532 | D:1      | Bought a potion of curing for 33 gold pieces
  1532 | D:1      | Bought a potion of might for 44 gold pieces
  1532 | D:1      | Bought 2 potions of curing for 66 gold pieces
  1532 | D:1      | Bought a potion of might for 44 gold pieces
  1532 | D:1      | Bought a potion of cancellation for 88 gold pieces
  1590 | D:2      | Killed Sigmund
  1591 | D:2      | Reached skill level 6 in Conjurations
  1591 | D:2      | Reached XP level 4. HP: 9/33 MP: 0/8
  1591 | D:2      | Reached XP level 5. HP: 10/38 MP: 0/9
  1714 | D:2      | Bought a scroll of teleportation for 33 gold pieces
  1714 | D:2      | Bought a scroll of immolation for 44 gold pieces
  1714 | D:2      | Bought a scroll of poison for 44 gold pieces
  1922 | D:2      | Found a runed translucent door.
  1923 | D:2      | Noticed Crazy Yiuf
  2147 | D:3      | Found a runed translucent door.
  2167 | D:3      | Noticed Thjof's ghost (amateur TeVM)
  2887 | D:3      | You fall into a shaft and drop 3 floors!
  2900 | D:6      | Found a sand-covered staircase.
  2905 | Ossuary  | Entered an ossuary
  2932 | Ossuary  | Reached XP level 6. HP: 34/45 MP: 0/11
  2986 | Ossuary  | Reached skill level 7 in Conjurations
  3151 | Ossuary  | Your scales start taking on a rich purple colour.
  3151 | Ossuary  | Reached XP level 7. HP: 35/50 MP: 0/14
  3188 | Ossuary  | Reached skill level 5 in Spellcasting
  3189 | Ossuary  | Quit the game

Illustrated notes

Levels and vault maps discovered:
D:1:      ldierk_walled_garden_2, layout_basic, serial_shops, shop
D:2:      layout_loops_cross, serial_shops, nicolae_shop_window_shopping,
          minmay_misc_feat_nine_boxes, uniq_sigmund, uniq_crazy_yiuf_cottage
D:3:      layout_loops_cross, ebering_ghost_reflecting_pool
D:6:      layout_gridville, enter_ossuary_2, ebering_ghost_disaster_area
Ossuary:  ossuary_minmay_four_chambers

Skill      XL: |  1  2  3  4  5  6  7 |
---------------+----------------------+-----
Conjurations   | 5 6 7 |  7.7
Spellcasting   | 3 4 5 |  5.0
Dodging        | |  1.7
Stealth        | |  1.7

Action                     |  1- 3 |  4- 6 |  7- 9 || total
---------------------------+-------+-------+-------++-------
  Melee: Unarmed           |    14 |       |       ||    14
         Tailslap          |     2 |     7 |     9 ||    18
         Dagger            |     8 |     1 |       ||     9
         Rapier            |       |    35 |    28 ||    63
         Punch             |       |     2 |       ||     2
  Throw: Boomerang         |       |     1 |       ||     1
   Cast: Magic Dart        |    20 |     8 |     1 ||    29
         Searing Ray       |    16 |    19 |     1 ||    36
Ability: Breathe Dispellin |       |       |     1 ||     1
  Evoke: Wand              |       |     5 |       ||     5
    Use: Scroll            |     4 |     3 |       ||     7
         Potion            |       |     2 |       ||     2
   Stab: Distracted        |       |     1 |       ||     1
 Armour: Skin              |     8 |    23 |     4 ||    35
  Dodge: Dodged            |    25 |    40 |     8 ||    73

Table legend: (Time is in decaauts)
 A = Elapsed time spent in this place.
 B = Non-inter-level travel time spent in this place.
 C = Inter-level travel time spent in this place.
 D = Time resting spent in this place.
 E = Time spent auto-exploring this place.
 F = Levels seen in this place.
 G = Mean time per level.
                   A        B        C        D        E       F      G
               +--------+--------+--------+--------+--------+-----+--------+
         Total |   3203 |   3099 |    104 |    188 |   2387 |   5 |  640.6 |
       Dungeon |   2906 |   2802 |    104 |    104 |   2383 |   4 |  726.5 |
       Ossuary |    296 |    296 |      0 |     84 |      4 |   1 |  296.0 |
               +--------+--------+--------+--------+--------+-----+--------+

Top non-repeatable levels by time:
     D:2: 1237 daAuts
     D:1: 908 daAuts
     D:3: 743 daAuts
 Ossuary: 296 daAuts
     D:6: 17 daAuts
